 Dungeon Crawl Stone Soup version 0.25.1-2-g60ff931df9 (webtiles) character file.

Game seed: 4147931010411156476

5834 Xurdan the Basher (level 10, 0/92 HPs)
             Began as an Ogre Berserker on Oct 21, 2020.
             Was an Elder of Trog.
             Slain by a big kobold
             ... wielding a +0 whip
              (3 damage)
             ... on level 11 of the Dungeon.
             The game lasted 00:18:50 (10861 turns).

Xurdan the Basher (Ogre Berserker)                 Turns: 10861, Time: 00:18:51

Health: 0/92       AC:  4    Str: 23    XL:     10   Next: 80%
Magic:  7/10       EV: 10    Int:  8    God:    Trog [****..]
Gold:   636        SH:  5    Dex: 11    Spells: 9/9 levels left

rFire    . . .     SeeInvis +   s - +0 whip (elec)
rCold    . . .     Gourm    .   (no shield)
rNeg     . . .     Faith    .   n - +1 robe
rPois    .         Spirit   .   (helmet restricted)
rElec    .         Reflect  +   (no cloak)
rCorr    .         Harm     .   (gloves unavailable)
MR       ++++.                  (boots unavailable)
Stlth    +.........             x - amulet of reflection
HPRegen  1.25/turn              F - ring of protection from magic
MPRegen  0.12/turn              p - ring of see invisible

@: berserk cooldown, regenerating, slowed, very slow
A: large, unfitting armour, tough skin 1
a: Berserk, Trog's Hand, Brothers in Arms, Renounce Religion


You were on level 11 of the Dungeon.
You worshipped Trog.
Trog was greatly pleased with you.
You were very hungry.

You visited 1 branch of the dungeon, and saw 11 of its levels.

You collected 636 gold pieces.

Inventory:

Hand Weapons
 r - a +1 flail
 s - a +0 whip of electrocution (weapon)
 L - a +0 giant spiked club
 O - a +2 flail of protection
Missiles
 H - 13 boomerangs (quivered)
 M - a throwing net
Armour
 n - a +1 robe (worn)
Jewellery
 g - an uncursed ring of positive energy
 l - an uncursed ring of fire
 p - a ring of see invisible (right hand)
 x - an amulet of reflection (around neck)
 E - an uncursed ring of stealth
 F - a ring of protection from magic (left hand)
 I - an uncursed ring of positive energy
 K - an uncursed ring of resist corrosion
Wands
 b - a wand of paralysis (9)
 m - a wand of digging (3)
 A - a wand of acid (6)
 G - a wand of flame (17)
Scrolls
 a - a scroll of enchant weapon
 d - a scroll of identify
 f - a scroll of magic mapping
 j - 6 scrolls of remove curse
 k - 5 scrolls of teleportation
 q - a scroll of fear {unknown}
 y - 2 scrolls of immolation
 J - 2 scrolls of enchant armour
Potions
 e - 4 potions of curing
 h - 4 potions of ambrosia
 i - 3 potions of haste
 o - 2 potions of lignification
 t - a potion of berserk rage
 u - 3 potions of stabbing
 v - 2 potions of flight
 z - 2 potions of might
 C - 2 potions of mutation
 D - 2 potions of heal wounds {unknown}
 N - a potion of cancellation
Comestibles
 c - 16 rations
 w - a chunk of flesh


   Skills:
 - Level 4.0 Fighting
 + Level 14.1 Maces & Flails
 - Level 2.6 Dodging


You had 9 spell levels left.
You didn't know any spells.
Your spell library was empty.

Dungeon Overview and Level Annotations

Branches:
Dungeon (11/15)            Temple (0/1) D:7
   Lair: D:8-11         Orc: D:9-12

Altars:
Dithmenos
Elyvilon
Fedhas
Gozag
Makhleb
Nemelex Xobeh
Okawaru
Qazlal
Ru
Trog
Vehumet
Xom
Yredelemnul

Shops:
D:9 :}=


Innate Abilities, Weirdness & Mutations

You are too large for most types of armour.
You have tough skin. (AC +1)


Message History

Your black bear bites the centaur but does no damage.
Your black bear claws the centaur.
Your black bear closely misses the centaur.
The centaur unwields a +0 shortbow.
The centaur hits your black bear!
Unknown command.
You hit the centaur. Lightning courses through the centaur!
You kill the centaur!
Trog accepts your kill. The big kobold hits you with a +0 whip.
* * * LOW HITPOINT WARNING * * *
Your black bear bites the big kobold.
Your black bear claws the big kobold.
Your black bear barely misses the big kobold.
You barely miss the big kobold.
The big kobold is moderately wounded.
The centaur shoots an arrow.
The arrow barely misses your black bear.
The arrow hits you!
* * * LOW HITPOINT WARNING * * *
The big kobold hits you with a +0 whip.
You die...

## ###### .. .....#
##.######
####(##c..>....#
)()5.(.cK.# #.#########
##(..##...# #.K@.......
#(..##...####hK########
..<..........c(......#
........######..####.#
........# #..#
.........# #..#
....[##..# #..# ####.#
... ..[# ##.#


You could see a big kobold, a centaur, a kobold and a friendly black bear
(summoned, berserk).

Vanquished Creatures
  A centaur warrior (D:11)
  An unseen horror (D:10)
  A troll (D:9)
  2 hippogriffs
  Sigmund (D:2)
  3 yaks (D:11)
  2 hungry ghosts
  A black bear (D:9)
  3 sky beasts
  An ice beast (D:6)
  A phantom (D:7)
  An eye of draining (D:11)
  2 ogres
  5 centaurs
  A bullfrog (D:7)
  A gnoll sergeant (D:9)
  A wyvern skeleton (D:7)
  5 scorpions
  5 killer bees (D:11)
  A howler monkey (D:11)
  A crimson imp (D:9)
  3 bullfrog zombies
  2 quasits
  3 hounds
  6 orc priests
  2 jellies
  5 orc wizards
  2 centaur skeletons (D:5)
  Jessica (D:2)
  Terence (D:2)
  5 iguanas
  3 worker ants
  A hound zombie (D:8)
  A hound skeleton (D:6)
  4 worker ant zombies
  5 gnolls (D:9)
  A howler monkey skeleton (D:9)
  13 adders
  3 worms
  A dart slug (D:2)
  10 leopard geckos
  24 orcs
  3 ball pythons
  4 bats
  5 giant cockroaches
  2 hobgoblins
  2 jackals (D:5)
  3 quokkas
  2 frilled lizards (D:5)
  3 goblins
  6 kobolds
  2 leopard gecko zombies
  5 rats
  A spectral orc (D:5)
174 creatures vanquished.

Vanquished Creatures (others)
  A centaur (D:11)
1 creature vanquished.

Grand Total: 175 creatures vanquished

Notes
Turn   | Place    | Note
-------+----------+-------------------------------------------
     0 | D:1      | Xurdan the Ogre Berserker began the quest for the Orb.
     0 | D:1      | Reached XP level 1. HP: 24/24 MP: 1/1
    39 | D:1      | Reached skill level 3 in Maces & Flails
   147 | D:1      | Reached XP level 2. HP: 28/32 MP: 2/2
   756 | D:2      | Reached XP level 3. HP: 27/39 MP: 3/3
   979 | D:2      | Reached skill level 4 in Maces & Flails
  1049 | D:2      | Found a blossoming altar of Fedhas.
  1052 | D:2      | Noticed Jessica
  1063 | D:2      | Killed Jessica
  1063 | D:2      | Reached XP level 4. HP: 46/48 MP: 4/4
  1683 | D:2      | Noticed Sigmund
  1693 | D:2      | Killed Sigmund
  1693 | D:2      | Reached skill level 6 in Maces & Flails
  1693 | D:2      | Reached XP level 5. HP: 54/54 MP: 5/5
  1693 | D:2      | Reached XP level 6. HP: 62/62 MP: 6/6
  1809 | D:2      | Reached ** piety under Trog
  2042 | D:2      | Found a stormy altar of Qazlal.
  2125 | D:2      | Noticed Terence
  2141 | D:2      | Killed Terence
  2401 | D:3      | Found a sacrificial altar of Ru.
  2420 | D:3      | Found an iron altar of Okawaru.
  2433 | D:3      | Found a burning altar of Makhleb.
  2436 | D:3      | Found a bloodstained altar of Trog.
  2742 | D:3      | Found a sparkling altar of Nemelex Xobeh.
  2743 | D:3      | Found an opulent altar of Gozag.
  3806 | D:4      | Reached skill level 7 in Maces & Flails
  3806 | D:4      | Reached XP level 7. HP: 57/70 MP: 7/7
  4052 | D:5      | Entered Level 5 of the Dungeon
  4651 | D:5      | Reached skill level 8 in Maces & Flails
  4802 | D:5      | Found a radiant altar of Vehumet.
  4933 | D:5      | Found a basalt altar of Yredelemnul.
  5094 | D:5      | Reached XP level 8. HP: 66/78 MP: 8/8
  5464 | D:6      | Found a shimmering altar of Xom.
  5538 | D:6      | Reached *** piety under Trog
  5538 | D:6      | Reached skill level 9 in Maces & Flails
  6654 | D:7      | Noticed a hippogriff
  6664 | D:7      | Killed a hippogriff
  6664 | D:7      | Reached skill level 10 in Maces & Flails
  6812 | D:7      | Found a shadowy altar of Dithmenos.
  6868 | D:7      | Reached XP level 9. HP: 50/84 MP: 9/9
  7018 | D:7      | Found a staircase to the Ecumenical Temple.
  7634 | D:7      | Reached skill level 11 in Maces & Flails
  8218 | D:8      | Found a white marble altar of Elyvilon.
  8474 | D:9      | Reached **** piety under Trog
  8917 | D:9      | Found Zyom's Book Shop.
  8928 | D:9      | Found Jotophoz's Gadget Shop.
  8967 | D:9      | Found Ynaer's Jewellery Boutique.
  9101 | D:9      | Noticed a troll
  9112 | D:9      | Killed a troll
  9112 | D:9      | Reached skill level 12 in Maces & Flails
  9541 | D:9      | Reached XP level 10. HP: 78/92 MP: 10/10
  9686 | D:10     | Entered Level 10 of the Dungeon
  9810 | D:10     | Noticed an unseen horror
  9829 | D:10     | Killed an unseen horror
  9829 | D:10     | Reached skill level 13 in Maces & Flails
 10620 | D:11     | Noticed a centaur warrior
 10645 | D:11     | Killed a centaur warrior
 10813 | D:11     | Reached skill level 14 in Maces & Flails
 10861 | D:11     | HP: 3/92 [centaur/arrow (15)]
 10861 | D:11     | Slain by a big kobold

Illustrated notes

Levels and vault maps discovered:
D:1:      dpeg_arrival_ternary, layout_basic
D:2:      layout_basic, old_standard_altar, fedhas_altar_1, uniq_jessica,
          uniq_terence, uniq_sigmund
D:3:      layout_loops_ring, grunt_temple_overflow_opulence,
          grunt_temple_overflow_cloverleaf
D:4:      layout_basic, first_ration, dk_noncrumbling_4
D:5:      minmay_diamond_boxcup, layout_basic, nicolae_overflow_hidden_temple,
          yredelemnul_forgotten_temple_becter
D:6:      layout_basic, xom_teletrap_fun
D:7:      layout_loops_ring, lemuel_coloured_pillars_altar,
          minmay_temple_entry_fiery, grunt_ogre_cave, serial_park_tiny_pond
D:8:      layout_rooms, kennysheep_mini
D:9:      layout_irregular_city, serial_shops, shop, shop, shop, st_stairs_11,
          kennysheep_generic_room_14
D:10:     layout_loops_ring
D:11:     layout_loops_ring, lair_entry_dummy, david_orc_5, uniq_sonja

Skill      XL: |  1  2  3  4  5  6  7  8  9 10 |
---------------+-------------------------------+-----
Maces & Flails | 3 4 6 7 8 10 12 14 | 14.1
Fighting       | |  4.0
Dodging        | |  2.6

Action                   |  1- 3 |  4- 6 |  7- 9 | 10-12 || total
-------------------------+-------+-------+-------+-------++-------
Melee: Mace              |    58 |   107 |       |       ||   165
       Flail             |       |    61 |    98 |       ||   159
       Whip              |       |       |   287 |   126 ||   413
Invok: Berserk           |     2 |     4 |     9 |     3 ||    18
       Trog's Hand       |       |       |       |     2 ||     2
       Brothers in Arms  |       |       |       |     1 ||     1
  Use: Scroll            |       |     5 |    17 |     1 ||    23
       Potion            |       |       |       |     2 ||     2
 Stab: Sleeping          |       |       |     1 |       ||     1
  Eat: Chunk             |     2 |    13 |    20 |     2 ||    37
       Ration            |       |       |     3 |     1 ||     4
Armor: Animal skin       |    19 |    18 |       |       ||    37
       Robe              |       |    22 |    53 |    19 ||    94
Dodge: Dodged            |    35 |    95 |   128 |    49 ||   307
Block: Other             |       |       |    30 |    19 ||    49
       Reflection        |       |       |     1 |     2 ||     3
